 Dungeon Crawl Stone Soup version 0.17.1-1-g73c8601 (webtiles) character file.

128 Celerity the Grasshopper (level 4, -7/30 HPs)
             Began as a High Elf Warper on Dec 21, 2015.
             Was a Follower of Vehumet.
             Killed from afar by Natasha (9 damage)
             ... with a wand of frost
             ... on level 4 of the Dungeon.
             The game lasted 00:10:33 (4322 turns).

Celerity the Grasshopper (High Elf Warper)          Turns: 4322, Time: 00:10:33

Health: -7/30      AC:  5    Str: 15    XL:     4   Next: 87%
Magic:  7/8        EV: 11    Int: 20    God:    Vehumet [*.....]
Gold:   129        SH:  4    Dex: 15    Spells: 3 memorised, 2 levels left

rFire  . . .     SeeInvis .     a - +0 falchion
rCold  . . .     Clarity  .     b - +0 leather armour
rNeg   . . .     SustAt   .     z - +0 buckler
rPois  +         Gourm    .     u - +0 helmet
rElec  .         Spirit   .     (no cloak)
rCorr  .         Warding  .     (no gloves)
rMut   .         Stasis   .     v - +0 pair of boots
MR     .....                    (no amulet)
Stlth  +.........               y - ring of poison resistance
                                t - +3 ring of intelligence

@: mighty, shrouded, not resistant to hostile enchantments, very unstealthy
A: no striking features
a: Renounce Religion


You were on level 4 of the Dungeon.
You worshipped Vehumet.
Vehumet was aware of your devotion.
You were very hungry.

You visited 1 branch of the dungeon, and saw 4 of its levels.

You collected 129 gold pieces.

Inventory:

Hand Weapons
 a - a +0 falchion (weapon)
Missiles
 e - 5 tomahawks of dispersal (quivered)
 l - 14 poisoned needles
 o - 25 arrows
 w - 8 tomahawks
Armour
 b - a +0 leather armour (worn)
 u - a +0 helmet (worn)
 v - a +0 pair of boots (worn)
 z - a +0 buckler (worn)
Jewellery
 t - a +3 ring of intelligence (left hand)
 y - a ring of poison resistance (right hand)
Scrolls
 d - a scroll of blinking
 f - a scroll of noise
 j - a scroll of remove curse {unknown}
 m - a scroll of immolation {unknown}
 r - a scroll of magic mapping {unknown}
Potions
 g - a potion of degeneration {unknown}
 i - 2 potions of brilliance
 n - a potion of ambrosia {unknown}
 p - a potion of cancellation
 s - a potion of curing
Books
 c - a book of Spatial Translocations

   Spells                             Type                      Level
   a - Apportation                    Translocation                1
   b - Blink                          Translocation                2
   c - Shroud of Golubria             Charms/Translocation         2
   d - Portal Projectile              Translocation                3
   e - Teleport Other                 Translocation                3
   f - Passage of Golubria            Translocation                4
Comestibles
 h - a meat ration
 k - a royal jelly
 x - a beef jerky


   Skills:
 - Level 2.9 Fighting
 - Level 3.6 Long Blades
 - Level 1.0 Throwing
 - Level 0.8 Armour
 - Level 2.1 Dodging
 * Level 1.0 Shields
 - Level 2.4 Spellcasting
 - Level 2.6 Charms
 + Level 3.9 Translocations


You had 2 spell levels left.
You knew the following spells:

 Your Spells              Type           Power        Failure   Level  Hunger
a - Apportation           Tloc           ###.......   6%          1    #......
c - Shroud of Golubria    Chrm/Tloc      ###.......   14%         2    ##.....
l - Blink                 Tloc           N/A          10%         2    ##.....


Dungeon Overview and Level Annotations

Branches:
Dungeon (4/15)
 Temple: D:4-7

Altars:
Ru
Vehumet

Annotations:
D:3 Sigmund
D:4 Natasha


Message History

Drink which item? (? for menu, Esc to quit)
You feel very mighty all of a sudden.
Natasha casts a spell.
You slash Natasha!
Natasha is severely wounded.
Natasha zaps a wand.
The puff of frost hits you!
* * * LOW HITPOINT WARNING * * *
You closely miss Natasha.
Natasha is severely wounded.
Natasha casts a spell at you. The magic dart hits you!
* * * LOW HITPOINT WARNING * * *
You closely miss Natasha.
Natasha is severely wounded.
Natasha mumbles some strange words.
The iron imp barely misses you.
You hit Natasha but do no damage.
Natasha is severely wounded.
Natasha zaps a wand.
The puff of frost hits you!
You die...

... .....
####+#.....
######..........
................
.....5....$..... .
.......h5....... .
.......@........ .
......##'#######
..... #...'....#
.... +...#....#
... #...#....# ..
#...####'#####+##
#
#...##...)......#
#....#..........##
+....#............


You could see an iron imp, Natasha and a white imp.

Vanquished Creatures
  3 adders (D:3)
  An adder skeleton (D:4)
  5 worms
  3 giant geckos
  4 orcs (D:4)
  8 bats
  4 giant cockroaches
  9 goblins
  7 hobgoblins
  6 jackals
  2 quokkas
  2 ball pythons (D:3)
  2 giant newts (D:1)
  8 kobolds
  9 rats
73 creatures vanquished.

Notes
Turn   | Place    | Note
--------------------------------------------------------------
     0 | D:1      | Celerity the High Elf Warper began the quest for the Orb.
     0 | D:1      | Reached XP level 1. HP: 14/14 MP: 4/4
   609 | D:1      | Reached XP level 2. HP: 20/20 MP: 6/6
   613 | D:1      | Learned a level 2 spell: Blink
   616 | D:1      | Learned a level 2 spell: Shroud of Golubria
   657 | D:1      | Reached skill level 1 in Charms
  1035 | D:2      | Reached XP level 3. HP: 8/25 MP: 7/7
  1279 | D:2      | Found a radiant altar of Vehumet.
  1289 | D:2      | Became a worshipper of Vehumet
  1798 | D:2      | Found a sacrificial altar of Ru.
  2558 | D:3      | Noticed Sigmund
  2857 | D:3      | Reached XP level 4. HP: 28/30 MP: 6/8
  2986 | D:3      | Reached * piety under Vehumet
  2986 | D:3      | Offered knowledge of Sandblast by Vehumet.
  4269 | D:4      | Reached skill level 1 in Shields
  4312 | D:4      | Noticed Natasha
  4320 | D:4      | HP: 1/30 [Natasha/magic dart (4)]
  4322 | D:4      | Killed from afar by Natasha

Action                   |  1- 3 |  4- 6 || total
-------------------------+-------+-------++-------
Melee: Falchion          |   186 |   121 ||   307
 Cast: Shroud of Golubri |    11 |    13 ||    24
       Blink             |     1 |     4 ||     5
  Use: Scroll            |     6 |     1 ||     7
       Potion            |       |     1 ||     1
 Stab: Sleeping          |     2 |       ||     2
       Distracted        |     1 |       ||     1
  Eat: Chunk             |     4 |     3 ||     7
       Bread ration      |     1 |       ||     1
